 Dungeon Crawl Stone Soup version 0.31-a0-7-g51783674b7 (webtiles) character file.

Game seed: 16928922453549807551

47 pokeman the Magician (level 3, -2/20 HPs)
             Began as a Deep Elf Hedge Wizard on May 6, 2023.
             Was an Initiate of Vehumet.
             Killed by miscasting Mephitic Cloud (9 damage)
             ... on level 3 of the Dungeon.
             The game lasted 00:03:24 (2497 turns).

pokeman the Magician (Deep Elf Hedge Wizard)        Turns: 2497, Time: 00:03:24

Health: -2/20      AC:  3    Str:  7    XL:     3   Next: 48%
Magic:  2/11       EV: 12    Int: 20    God:    Vehumet [......]
Gold:   153        SH:  0    Dex: 14    Spells: 4/12 levels left

rFire   . . .        q - +0 dagger (venom)
rCold   . . .        (no shield)
rNeg    . . .        b - +0 robe
rPois   .            c - +0 hat
rElec   .            (no cloak)
rCorr   .            m - +0 pair of gloves
SInv    .            (no boots)
Will    .....        (no amulet)
Stlth   ++           (no ring)
HPRegen 0.23/turn    (no ring)
MPRegen 0.12/turn

%: no passive effects
@: very slightly contaminated
A: no striking features
a: Renounce Religion


You were on level 3 of the Dungeon.
You worshipped Vehumet.
Vehumet was noncommittal.
You visited 1 branch of the dungeon, and saw 3 of its levels.

You collected 153 gold pieces.

Inventory:

Hand Weapons
 q - a +0 dagger of venom (weapon)
Armour
 b - a +0 robe (worn)
 c - a +0 hat (worn)
 m - a +0 pair of gloves (worn)
Scrolls
 a - a scroll of immolation {unknown}
 e - a scroll of poison {unknown}
 g - a scroll of identify {unknown}
 j - 2 scrolls of magic mapping {unknown}
 o - a scroll of fear {unknown}
 p - a scroll of summoning {unknown}
 r - 2 scrolls of teleportation {unknown}
 s - a scroll of enchant armour {unknown}
 v - a scroll of blinking {unknown}
Potions
 d - a potion of magic
 f - 2 potions of lignification {unknown}
 h - 3 potions of curing {unknown}
 i - a potion of resistance {unknown}
 k - a potion of haste {unknown}
 l - a potion of flight {unknown}
 n - a potion of berserk rage {unknown}
 t - a potion of invisibility {unknown}
 u - a potion of heal wounds {unknown}


   Skills:
 + Level 0.9 Fighting
 - Level 1.0 Armour
 + Level 2.4 Dodging
 - Level 2.4 Stealth
 * Level 5.3 Spellcasting
 + Level 1.8 Conjurations
 - Level 1.1 Summonings
 - Level 1.1 Translocations


You had 4 spell levels left.
You knew the following spells:

 Your Spells              Type           Power      Damage    Failure   Level
a - Magic Dart            Conj           48%        1d5       5%          1
b - Mephitic Cloud        Conj/Pois/Air  7%         N/A       26%         3
c - Call Imp              Summ           18%        N/A       11%         2
d - Blink                 Tloc           18%        N/A       11%         2

Your spell library contained the following spells:

 Spells                   Type           Power      Damage    Failure   Level
 Momentum Strike          Conj/Tloc      22%        3d8       10%         2
 Lesser Beckoning         Tloc           18%        N/A       11%         2
 Slow                     Hex            20%        N/A       12%         1
 Cigotuvi's Dreadful Rot  Necr/Pois/Air  10%        N/A       17%         2
 Vhi's Electric Charge    Tloc/Air       14%        N/A       26%         3
 Arcjolt                  Conj/Air       4%         1d14      91%         5
 Plasma Beam              Fire/Air       2%         2x1d14    100%        6


Dungeon Overview and Level Annotations

Branches:
Dungeon (3/15)

Altars:
Vehumet

Annotations:
D:3 Robin


Message History

Unknown command.
The goblin attacks as you move away! The goblin closely misses you.
The goblin attacks as you move away! The goblin barely misses you.
The hobgoblin barely misses you. The hobgoblin attacks as you move away!
The hobgoblin hits you but does no damage.
You kill the hobgoblin!
Vehumet accepts your kill.
Things that are here:
a +0 dagger; a kobold corpse The goblin attacks as you move away!
The goblin barely misses you.
The goblin unwields a +0 dagger.
The goblin wields a +0 sling.
The goblin shoots a sling bullet.
The sling bullet closely misses you.
Things that are here:
a +0 shortbow; a hobgoblin corpse You closely miss the goblin.
The goblin misses you. The goblin barely misses you.
The hobgoblin closely misses you. The goblin attacks as you move away!
The goblin hits you with a +0 club.
You closely miss the goblin. You hit the goblin.
The goblin is heavily wounded.
The goblin hits you with a +0 dagger.
The goblin shouts!
The goblin barely misses you. The goblin attacks as you move away!
The goblin hits you with a +0 club. The goblin attacks as you move away!
The goblin hits you with a +0 dagger. The goblin attacks as you move away!
The goblin hits you with a +0 club.
* * * LOW HITPOINT WARNING * * *
The goblin misses you.
Casting: Magic Dart (safe; 5% risk of failure)
Confirm with . or Enter, or press ? or * to list all spells.
The spell is extremely dangerous to miscast (26% risk of failure)!
Continue anyway?
Aiming: Mephitic Cloud (extremely dangerous; 26% risk of failure)
Press: ? - help, Shift-Dir - straight line, f/p - hobgoblin
Aim: a hobgoblin (almost dead, poisoned, chance to affect: 96%) That beam is likely to hit you.
Continue anyway?
You miscast Mephitic Cloud.
You are very lightly contaminated with residual magic.
Sparks of electricity dance around you!
You die...

# #...##...# #
########...#....ggg #
##........†...##g†g.
######........).####.g..g.
.......#.....#)###.......##......
########.......g.)g# .g.##......
# #......gg#### ## #..†...
###.##g#gg### #####...... ######
#.......@..# ##.......... .....#
#........#####...........
...#.............# #............
.................####............
.###.####.......................#
## #.##......########...........#
#............................#
####...........................##
[.....#........######..........#


You could see 2 hobgoblins and 4 goblins.

Vanquished Creatures
  6 ball pythons
  2 giant cockroaches
  9 goblins
  7 hobgoblins
  7 kobolds
  2 quokkas (D:1)
  3 bats
  3 frilled lizards
  2 rats
41 creatures vanquished.

Notes
Turn   | Place    | Note
-------+----------+-------------------------------------------
     0 | D:1      | pokeman the Deep Elf Hedge Wizard began the quest for the
                  | Orb.
     0 | D:1      | Reached XP level 1. HP: 10/10 MP: 7/7
   523 | D:1      | Reached XP level 2. HP: 15/15 MP: 6/9
  1523 | D:2      | Reached skill level 5 in Spellcasting
  1930 | D:2      | Reached XP level 3. HP: 20/20 MP: 8/11
  1934 | D:2      | Learned a level 3 spell: Mephitic Cloud
  1937 | D:2      | Learned a level 2 spell: Call Imp
  1940 | D:2      | Learned a level 2 spell: Blink
  2269 | D:3      | Found a radiant altar of Vehumet.
  2275 | D:3      | Became a worshipper of Vehumet
  2472 | D:3      | Noticed Robin
  2484 | D:3      | Reached skill level 1 in Armour
  2497 | D:3      | Killed by miscasting Mephitic Cloud

Illustrated notes

Levels and vault maps discovered:
D:1:      scummos_arrival_forest, layout_loops_corners, hangedman_glass_teeth
D:2:      layout_loops_ring
D:3:      layout_rooms, mainiacjoe_overflow_cross_hatched, uniq_robin

Skill      XL: |  1  2  3 |
---------------+----------+-----
Spellcasting   | 5 |  5.3
Armour         | 1 |  1.0
Fighting       | |  0.9
Dodging        | |  2.4
Stealth        | |  2.4
Conjurations   | |  1.8
Summonings     | |  1.1
Translocations | |  1.1

Action                     || total
---------------------------++-------
  Melee: Dagger            ||     7
   Cast: Magic Dart        ||    86
 Armour: Robe              ||     2
  Dodge: Dodged            ||    22

Table legend: (Time is in decaauts)
 A = Elapsed time spent in this place.
 B = Non-inter-level travel time spent in this place.
 C = Inter-level travel time spent in this place.
 D = Time resting spent in this place.
 E = Time spent auto-exploring this place.
 F = Levels seen in this place.
 G = Mean time per level.
                   A        B        C        D        E       F      G
               +--------+--------+--------+--------+--------+-----+--------+
         Total |   2495 |   2462 |     33 |     27 |   2193 |   3 |  831.7 |
       Dungeon |   2495 |   2462 |     33 |     27 |   2193 |   3 |  831.7 |
               +--------+--------+--------+--------+--------+-----+--------+

Top non-repeatable levels by time:
     D:1: 1142 daAuts
     D:2: 938 daAuts
     D:3: 415 daAuts
